 Dungeon Crawl Stone Soup version 0.23-a0-169-gb21e695 (webtiles) character file.

81 grindst0ne the Chopper (level 4, 0/57 HPs)
             Began as a Demigod Gladiator on Sept 11, 2018.
             Succumbed to a gnoll's poison
             ... on level 2 of the Dungeon.
             The game lasted 00:01:46 (1214 turns).

grindst0ne the Chopper (Demigod Gladiator)          Turns: 1214, Time: 00:01:47

Health: 0/57       AC: 22    Str: 19    XL:     4   Next: 0%
Magic:  6/6        EV:  2    Int: 12    God:
Gold:   94         SH:  0    Dex: 22    Spells: 3/3 levels left

rFire    . . .     SeeInvis .   a - +0 war axe
rCold    . . .     Gourm    .   (no shield)
rNeg     + + +     Faith    .   (armour currently unavailable)
rPois    +         Spirit   .   (helmet currently unavailable)
rElec    .         Reflect  .   (cloak currently unavailable)
rCorr    .         Harm     .   (gloves currently unavailable)
MR       .....     NoTele   +   (boots currently unavailable)
Stlth    +++.......             (no amulet)
HPRegen  0.19/turn              (no ring)
MPRegen  0.10/turn              (no ring)

@: agile, lethally poisoned (0 -> -18), tree-form
A: high mp 1
a: no special abilities


You were on level 2 of the Dungeon.
You were not hungry.
You were a tree.
You visited 1 branch of the dungeon, and saw 2 of its levels.

You collected 94 gold pieces.

Inventory:

Hand Weapons
 a - a +0 war axe (weapon)
Missiles
 d - 3 throwing nets (quivered)
Armour
 b - a +0 leather armour
 c - a +0 helmet (melded)
 l - a +0 scale mail (melded)
Scrolls
 g - a scroll of amnesia {unknown}
 h - 4 scrolls of teleportation {unknown}
 j - 3 scrolls of identify {unknown}
 m - a scroll of fear {unknown}
Comestibles
 f - a ration
 k - 12 chunks of flesh


   Skills:
 + Level 3.1 Fighting
 + Level 3.7 Axes
 - Level 1.7 Throwing
 - Level 2.6 Dodging


You had 3 spell levels left.
You didn't know any spells.
Your spell library was empty.

Dungeon Overview and Level Annotations

Branches:
Dungeon (2/15)


Innate Abilities, Weirdness & Mutations

You have an increased reservoir of magic. (+10% MP)


Message History

* * * LOW HITPOINT WARNING * * *
You feel sick. The gnoll misses you. The gnoll hits you but does no damage.
You turn into a tree.
Your +0 helmet melds into your body.
Your +0 scale mail melds into your body.
Your roots penetrate the ground.
* * * LOW HITPOINT WARNING * * *
You feel sick.
The gnoll hits you but does no damage. x2
You cannot move.
You cannot move.
You cannot move.
Unknown command.
You cannot move.
Unknown command.
* * * LOW HITPOINT WARNING * * *
You feel sick. The gnoll hits you but does no damage.
The gnoll completely misses you.
* * * LOW HITPOINT WARNING * * *
You feel sick. The gnoll hits you but does no damage.
The gnoll barely misses you.
You die...

# #.. . #.. #. #..
#.###.# ###...#.#
.......g# .....
......gg# #...# #.#.#
#...# #### #.#♣#
#...# #...
#.#.######...####.##
##.#................#
#....................
#...#................
#.....#####...####...
#.....# #...# ##.#
##....# #...# #.#
##.### #...# #.#


You could see 2 gnolls and a goblin.

Vanquished Creatures
  An orc wizard (D:2)
  2 oozes (D:1)
  A worm (D:2)
  4 orcs (D:2)
  2 goblins (D:1)
  6 hobgoblins (D:1)
  5 kobolds (D:1)
  2 ball pythons
  6 bats
  5 frilled lizards
  5 rats
39 creatures vanquished.

Notes
Turn   | Place    | Note
-------+----------+-------------------------------------------
     0 | D:1      | grindst0ne the Demigod Gladiator began the quest for the
                  | Orb.
     0 | D:1      | Reached XP level 1. HP: 17/17 MP: 3/3
   173 | D:1      | Reached XP level 2. HP: 7/24 MP: 4/4
   772 | D:1      | Reached XP level 3. HP: 27/30 MP: 5/5
   995 | D:2      | Found a blossoming altar of Fedhas.
  1117 | D:2      | Reached XP level 4. HP: 35/38 MP: 6/6
  1213 | D:2      | HP: 2/57 [poisoned by a gnoll]
  1214 | D:2      | Succumbed to a gnoll's poison

Vault maps used:
D:1:      minmay_arrival_up_and_down, minmay_hexomino_p4
D:2:      overflow_temple_1_default, minmay_overflow_temple_star_hex,
          uniq_terence

Skill      XL: |  1  2  3 |
---------------+----------+-----
Fighting       | 2 3 |  3.1
Axes           | 3 |  3.7
Throwing       | |  1.7
Dodging        | |  2.6

Action                   |  1- 3 |  4- 6 || total
-------------------------+-------+-------++-------
Melee: War axe           |    92 |     3 ||    95
  Use: Potion            |     1 |     2 ||     3
  Eat: Chunk             |     1 |       ||     1
Armor: Leather armour    |     6 |       ||     6
       Scale mail        |    23 |     1 ||    24
       Skin              |     6 |     4 ||    10
Dodge: Dodged            |    55 |     5 ||    60

Table legend:
 A = Non-vault XP
 B = Vault XP
 C = Vault XP percentage of total XP
 D = Non-vault monster count
 E = Vault monster count
 F = Vault count percentage of total count
                 A         B        C        D         E       F
            +---------+---------+-------+---------+---------+-------
      Total |     110 |       6 |   5.2 |      35 |       4 |  10.3
            +---------+---------+-------+---------+---------+-------
        D:1 |      45 |       6 |  11.8 |      22 |       4 |  15.4
        D:2 |      65 |       0 |   0.0 |      13 |       0 |   0.0
            +---------+---------+-------+---------+---------+-------
